 Dungeon Crawl Stone Soup version bcrawl-1.21.3-16-g7f46a08de7 (webtiles) character file.

Game seed: 3500646296525034107

1934 Chiseanne the Nimble (level 8, -6/39 HPs)
             Began as a Spriggan Fighter on May 4, 2020.
             Was an Initiate of Gozag.
             Mangled by a killer bee (9 damage)
             ... on level 7 of the Dungeon.
             The game lasted 00:16:40 (4138 turns).

Chiseanne the Nimble (Spriggan Fighter)             Turns: 4138, Time: 00:16:40

Health: -6/39      AC:  4    Str: 12    XL:     8   Next: 97%
Magic:  9/9        EV: 26    Int: 12    God:    Gozag
Gold:   331        SH:  9    Dex: 18    Spells: 7/7 levels left

rFire    . . .     SeeInvis +   a - +4 dagger (venom)
rCold    . . .     Gourm    .   n - +1 buckler {AC+3}
rNeg     . . .     Faith    .   b - +0 robe
rPois    .         Spirit   .   (helmet restricted)
rElec    .         Reflect  .   (no cloak)
rCorr    .         Harm     .   (gloves unavailable)
MR       +....                  (boots unavailable)
Stlth    ++........             (no amulet)
HPRegen  0.13/turn              i - +3 ring of dexterity
MPRegen  0.11/turn              v - +3 ring of protection

@: corroded, very quick
A: very small, unfitting armour, see invisible, herbivore, speed 3, slow
metabolism 2
a: Potion Petition, Call Merchant, Bribe Branch, Renounce Religion


You were on level 7 of the Dungeon.
You worshipped Gozag.
Gozag was aware of your devotion.
You were full.

You visited 1 branch of the dungeon, and saw 8 of its levels.

You collected 639 gold pieces.
You spent 267 gold pieces at shops.
You paid 41 gold pieces to Gozag.

Inventory:

Hand Weapons
 a - a +4 dagger of venom (weapon)
 s - a +1 rapier of draining
Missiles
 h - 755 stones (quivered)
 k - 63 poisoned needles
 r - 151 bolts
Armour
 b - a +0 robe (worn)
 c - a +0 cloak
 n - a +1 buckler of protection (worn)
Jewellery
 i - a +3 ring of dexterity (left hand)
 v - a +3 ring of protection (right hand)
 w - a +4 ring of protection
Wands
 q - a wand of flame (8)
Scrolls
 g - 2 scrolls of immolation
 p - 2 scrolls of teleportation
 u - a scroll of remove curse
Potions
 d - 3 potions of might
 f - 3 potions of magic
 j - 3 potions of curing {unknown}
 l - 2 potions of brilliance
 m - 2 potions of invisibility {unknown}
 o - a potion of lignification {unknown}
 t - a potion of degeneration {unknown}
Comestibles
 e - 6 rations {!d}


   Skills:
 - Level 2.4 Fighting
 * Level 8.4 Short Blades
 * Level 10.4 Dodging
 * Level 5.6 Shields


You had 7 spell levels left.
You didn't know any spells.
Your spell library was empty.

Dungeon Overview and Level Annotations

Branches:
Dungeon (8/12)             Temple (0/1) D:6            Lair (0/6) D:7
    Orc: D:8-11

Altars:
Ashenzari
Gozag
Uskayaw

Shops:
D:8 *

Annotations:
D:4 Eustachio, Pikel


Innate Abilities, Weirdness & Mutations

You are very small and have problems with some larger weapons.
You are too small for most types of armour.
You have supernaturally acute eyesight. (SInv)
You are a herbivore.
You cover ground extremely quickly.
You need to consume almost no food.


Message History

You climb downwards.
You hear the hiss of flowing sand.
There is an entrance to an ossuary on this level.
Hurry and find it before the portal is buried!
You hear the quick hiss of a very distant avalanche of sand.
There is a stone staircase leading up here.
You hit the acid dragon but do no damage.
The acid dragon is poisoned.
You barely miss the acid dragon. The acid dragon spits acid at you.
The splash of acid hits you! The acid corrodes you!
You are splashed with acid!
You hear a howl!
You block the acid dragon's attack. The acid dragon claws you.
* * * LOW HITPOINT WARNING * * *
The jelly hits you.
* * * LOW HITPOINT WARNING * * *
You are splashed with acid.
* * * LOW HITPOINT WARNING * * *
The killer bee stings you!
You die...
Your body crumbles into a pile of gold.

............###...yh.......,,*
.#..............###$######****
#..D.....###.#### #.#
.h##...### #.# #.# ####.###
##.# #.# #.# ##..# #.# ##.#
#..## #.#
###..#####.########D####
.....##.).....[.@yJ....#
..........#####........#
....<....## ##....[<)#
.......### #.......# ......##
#.......# #.....# #########
###...# #...## #.#..##


You could see an acid dragon, a jelly and a killer bee.

Vanquished Creatures
  Psyche (D:8)
  An orc warrior (D:6)
  A black bear (D:6)
  A centaur (D:5)
  2 ogres
  2 bullfrogs (D:7)
  5 killer bees
  2 crimson imps
  A hound (D:5)
  A jelly (D:7)
  An orc priest (D:6)
  An orc wizard (D:6)
  2 gnoll shamans (D:5)
  An iguana (D:6)
  2 worker ants
  9 gnolls (D:5)
  2 adders
  2 oozes
  2 dart slugs
  6 leopard geckos
  6 orcs
  A ball python (D:3)
  A bat (D:1)
  3 giant cockroaches
  2 goblins (D:2)
  4 hobgoblins
  2 jackals (D:5)
  4 quokkas
  A frilled lizard (D:2)
  A jackal skeleton (D:4)
  2 kobolds
  5 rats
77 creatures vanquished.

Notes
Turn   | Place    | Note
-------+----------+-------------------------------------------
     0 | D:1      | Chiseanne the Spriggan Fighter began the quest for the Orb.
     0 | D:1      | Reached XP level 1. HP: 11/11 MP: 2/2
    14 | D:1      | You fall into a shaft and drop 1 floor!
   295 | D:1      | Reached XP level 2. HP: 1/16 MP: 3/3
   779 | D:2      | Reached skill level 5 in Dodging
   944 | D:2      | Found an opulent altar of Gozag.
   962 | D:2      | Became a worshipper of Gozag Ym Sagoz the Greedy
   964 | D:2      | Reached XP level 3. HP: 19/19 MP: 4/4
  1096 | D:2      | Found a hide-covered altar of Uskayaw.
  1346 | D:4      | Found a shattered altar of Ashenzari.
  1925 | D:4      | Noticed Eustachio
  1959 | D:4      | Noticed a slave
  1960 | D:4      | Noticed a slave
  1961 | D:4      | Noticed Pikel
  1961 | D:4      | Noticed a slave
  1961 | D:4      | Noticed a slave
  1963 | D:4      | Noticed a scorpion
  1990 | D:5      | Entered Level 5 of the Dungeon
  2079 | D:5      | Reached XP level 4. HP: 20/23 MP: 5/5
  2122 | D:5      | Noticed a centaur
  2136 | D:5      | Killed a centaur
  2136 | D:5      | Reached skill level 6 in Dodging
  2136 | D:5      | Reached XP level 5. HP: 17/27 MP: 6/6
  2246 | D:5      | Noticed an ogre
  2262 | D:5      | Killed an ogre
  2277 | D:5      | Reached XP level 6. HP: 29/32 MP: 7/7
  2329 | D:5      | Reached skill level 5 in Short Blades
  2351 | D:5      | Reached skill level 7 in Dodging
  2742 | D:6      | Noticed a hippogriff
  2792 | D:6      | Reached XP level 7. HP: 24/35 MP: 8/8
  3141 | D:6      | Reached skill level 8 in Dodging
  3717 | D:8      | Reached XP level 8. HP: 33/39 MP: 9/9
  3752 | D:8      | Noticed Psyche
  3765 | D:8      | Killed Psyche
  3765 | D:8      | Reached skill level 10 in Dodging
  3765 | D:8      | Reached skill level 5 in Shields
  3865 | D:8      | Found Dyedu's Assorted Antiques.
  3867 | D:8      | Noticed a cyan ugly thing
  3874 | D:8      | Bought a puce potion for 24 gold pieces
  3874 | D:8      | Bought a blackened bone wand for 108 gold pieces
  3874 | D:8      | Bought a scroll of remove curse for 81 gold pieces
  3874 | D:8      | Bought a ring of protection for 54 gold pieces
  3894 | D:8      | Noticed a skeletal warrior
  4124 | D:6      | Found a staircase to the Ecumenical Temple.
  4138 | D:7      | Mangled by a killer bee

Skill      XL: |  1  2  3  4  5  6  7  8 |
---------------+-------------------------+-----
Short Blades   | 3 4 5 6 8 |  8.4
Dodging        | 5 6 7 8 10 | 10.4
Shields        | 3 4 5 |  5.6
Fighting       | |  2.4

Action                   |  1- 3 |  4- 6 |  7- 9 || total
-------------------------+-------+-------+-------++-------
Melee: Rapier            |   193 |       |       ||   193
       Dagger            |     2 |    75 |   104 ||   181
Throw: Stone             |       |    12 |     6 ||    18
  Use: Scroll            |     7 |     4 |     5 ||    16
 Stab: Sleeping          |     2 |       |     1 ||     3
       Distracted        |       |     1 |     1 ||     2
  Eat: Ration            |       |       |     2 ||     2
Armor: Robe              |    10 |     2 |     1 ||    13
Dodge: Dodged            |   175 |    46 |    69 ||   290
Block: Buckler           |    74 |    16 |    31 ||   121
